 Dungeon Crawl Stone Soup version 0.30.0-19-g36f170ea60 (webtiles) character file.

Game seed: 14058328421909389085

66 cheesebisquit the Digger (level 4, -2/24 HPs)
             Began as a Gargoyle Earth Elementalist on May 28, 2023.
             Slain by Terence
             ... wielding a +5 flail of holy wrath
              (7 damage)
             ... on level 3 of the Dungeon.
             The game lasted 00:04:52 (1591 turns).

cheesebisquit the Digger (GrEE)                     Turns: 1591, Time: 00:04:52

Health: -2/24      AC:  5    Str: 11    XL:     4   Next: 15%
Magic:  11/17      EV: 11    Int: 18    God:
Gold:   58         SH:  3    Dex: 10    Spells: 2/8 levels left

rFire   . . .        j - +0 mace
rCold   . . .        p - +0 buckler
rNeg    + + .        a - +0 robe
rPois   ∞            (no helmet)
rElec   +            (no cloak)
rCorr   .            (no gloves)
SInv    .            (no boots)
Will    .....        (no amulet)
Stlth   ++           k - ring of magical power
HPRegen 0.24/turn    l - ring of positive energy
MPRegen 0.15/turn

%: no passive effects
@: about to teleport
A: sickness immunity, AC +3, negative energy resistance 1, electricity
resistance, torment resistance 1, petrification resistance
a: no special abilities


You were on level 3 of the Dungeon.
You visited 1 branch of the dungeon, and saw 3 of its levels.

You collected 58 gold pieces.

Inventory:

Hand Weapons
 j - a +0 mace (weapon)
Armour
 a - a +0 robe (worn)
 p - a +0 buckler (worn)
Jewellery
 k - a ring of magical power (left hand)
 l - a ring of positive energy (right hand)
Scrolls
 b - a scroll of teleportation
 c - 2 scrolls of identify {unknown}
 d - a scroll of poison {unknown}
 h - a scroll of blinking {unknown}
 i - a scroll of brand weapon {unknown}
 o - a scroll of vulnerability {unknown}
Potions
 e - a potion of attraction {unknown}
 f - a potion of haste {unknown}
 g - a potion of mutation {unknown}
 m - a potion of flight {unknown}
 n - a potion of might {unknown}


   Skills:
 - Level 1.5 Dodging
 - Level 2.1 Stealth
 + Level 0.0 Shields
 + Level 2.9 Spellcasting
 + Level 1.1 Conjurations
 + Level 1.1 Transmutations
 + Level 4.6 Earth Magic


You had 2 spell levels left.
You knew the following spells:

 Your Spells              Type           Power      Damage    Failure   Level
a - Sandblast             Erth           38%        2d10      3%          1
b - Passwall              Tmut/Erth      10%        N/A       11%         2
c - Stone Arrow           Conj/Erth      26%        3d8       22%         3

Your spell library contained the following spells:

 Spells                   Type           Power      Damage    Failure   Level
 Petrify                  Tmut/Erth      13%        N/A       58%         4


Dungeon Overview and Level Annotations

Branches:
Dungeon (3/15)

Altars:

Annotations:
D:3 Terence


Innate Abilities, Weirdness & Mutations

You are immune to sickness and miasma.
Your stone body is resilient. (AC +3)
You are immune to poison.
You resist negative energy. (rN+)
You are resistant to electric shocks. (rElec)
You are resistant to unholy torment.
You are immune to petrification.


Message History

The endoplasm attacks as you move away!
The endoplasm hits you but does no damage.
There is a stone staircase leading up here.
The blast of sand hits the endoplasm!
You kill the endoplasm!
The blast of sand hits Terence but does no damage.
Terence is lightly wounded.
Terence misses you.
Terence hits you with a +5 flail of holy wrath.
The blast of sand hits Terence.
Terence is lightly wounded.
Terence hits you with a +5 flail of holy wrath!
You are too injured to fight recklessly!
Aiming: Sandblast (safe; 3% risk of failure)
Press: ? - help, Q - select action, (/) - cycle Shift-Dir - straight line, f/p - Terence
Aim: Terence, wielding a +5 flail of holy wrath and wearing a +0 chain mail (lightly wounded, 87% to hit)
The blast of sand hits Terence but does no damage.
Terence is lightly wounded.
Terence misses you. Terence closely misses you.
Aiming: Sandblast (safe; 3% risk of failure)
Press: ? - help, Q - select action, (/) - cycle Shift-Dir - straight line, f/p - Terence
Aim: Terence, wielding a +5 flail of holy wrath and wearing a +0 chain mail (lightly wounded, 87% to hit)
The blast of sand hits Terence but does no damage.
Terence is lightly wounded.
Terence says, "Don't bother to defend, it's senseless."
Terence hits you with a +5 flail of holy wrath.
Aiming: Sandblast (safe; 3% risk of failure)
Press: ? - help, Q - select action, (/) - cycle Shift-Dir - straight line, f/p - Terence
Aim: Terence, wielding a +5 flail of holy wrath and wearing a +0 chain mail (lightly wounded, 87% to hit)
The blast of sand hits Terence but does no damage.
Terence is lightly wounded.
Terence misses you.
Terence hits you with a +5 flail of holy wrath.
* * * LOW HITPOINT WARNING * * *
Okay, then.
Okay, then.
As you read the scroll labelled VIDWAE MOBRI, it crumbles to dust.
You feel strangely unstable.
It was a scroll of teleportation.
Terence hits you with a +5 flail of holy wrath!
You die...

### #@#
#@#
#......#
........#
##......#
#......#
#.......
#......#
########


You could see Terence.

Vanquished Creatures
  2 adders (D:2)
  3 worms
  4 ball pythons
  4 endoplasms
  A giant cockroach (D:1)
  2 goblins (D:1)
  7 hobgoblins
  4 kobolds (D:2)
  A quokka (D:1)
  5 bats
  A frilled lizard (D:2)
  5 rats
39 creatures vanquished.

Notes
Turn   | Place    | Note
-------+----------+-------------------------------------------
     0 | D:1      | cheesebisquit the Gargoyle Earth Elementalist began the
                  | quest for the Orb.
     0 | D:1      | Reached XP level 1. HP: 10/10 MP: 3/3
   162 | D:1      | Reached XP level 2. HP: 15/15 MP: 3/5
   202 | D:1      | Reached skill level 4 in Earth Magic
   376 | D:1      | Learned a level 2 spell: Passwall
   755 | D:1      | Reached XP level 3. HP: 19/19 MP: 6/6
   890 | D:1      | Learned a level 3 spell: Stone Arrow
   960 | D:2      | Found a faded altar of an unknown god.
  1210 | D:2      | Reached skill level 1 in Transmutations
  1266 | D:2      | Reached skill level 1 in Conjurations
  1266 | D:2      | Reached XP level 4. HP: 24/24 MP: 8/8
  1580 | D:3      | Noticed Terence
  1591 | D:3      | Slain by Terence

Illustrated notes

Levels and vault maps discovered:
D:1:      sevenhm_arrival_forest_fort_small_3, layout_rooms,
          chequers_serial_rivers_micro_b, nicolae_wormholes
D:2:      layout_basic, ebering_ecumenical_altar_box
D:3:      layout_rooms, mainiacjoe_overflow_boulevard,
          mainiacjoe_overflow_alcove_4, serial_shops, shop, serial_curves,
          eino_curves_02, eino_curves_04, eino_curves_02, minmay_misc_feat_tiny,
          grunt_decor_fettered, minmay_vboxes, uniq_terence

Skill      XL: |  1  2  3 |
---------------+----------+-----
Earth Magic    | 4 |  4.6
Transmutations | 1 |  1.1
Conjurations   | 1 |  1.1
Dodging        | |  1.5
Stealth        | |  2.1
Spellcasting   | |  2.9

Action                     |  1- 3 |  4- 6 || total
---------------------------+-------+-------++-------
  Melee: Unarmed           |     4 |       ||     4
   Cast: Sandblast         |    52 |    12 ||    64
    Use: Potion            |     1 |       ||     1
         Scroll            |       |     1 ||     1
 Armour: Robe              |     5 |     1 ||     6
  Dodge: Dodged            |    11 |     4 ||    15
